 Dungeon Crawl Stone Soup version 0.29.1-15-g9cfb28693d (webtiles) character file.

Game seed: 7927651606564561088

8 protoss039 the Digger (level 2, 20/20 HPs)
             Began as a Demonspawn Earth Elementalist on Mar 25, 2023.
             Got out of the dungeon alive.
             The game lasted 00:00:36 (682 turns).

protoss039 the Digger (DsEE)                         Turns: 682, Time: 00:00:37

Health: 20/20      AC:  4    Str:  8    XL:     2   Next: 0%
Magic:  3/5        EV: 11    Int: 16    God:
Gold:   37         SH:  0    Dex: 13    Spells: 4/5 levels left

rFire   . . .      SeeInvis .   f - +0 dagger
rCold   . . .      Faith    .   (no shield)
rNeg    . . .      Spirit   .   e - +0 leather armour
rPois   .          Reflect  .   (no helmet)
rElec   .          Harm     .   (no cloak)
rCorr   .          Rampage  .   (no gloves)
Will    .....                   b - +0 pair of boots
Stlth   ++........              (no amulet)
HPRegen 0.06/turn               (no ring)
MPRegen 0.09/turn               (no ring)

@: no status effects
A: powered by pain 1
a: no special abilities


You escaped.
You visited 1 branch of the dungeon, and saw 1 of its levels.

You collected 37 gold pieces.

Inventory:

Hand Weapons
 f - a +0 dagger (weapon)
Armour
 b - a +0 pair of boots (worn)
 e - a +0 leather armour (worn)
Scrolls
 d - a scroll of torment {unknown}
Potions
 a - a potion of flight {unknown}
 c - a potion of brilliance {unknown}


   Skills:
 + Level 0.5 Fighting
 * Level 0.5 Armour
 - Level 1.7 Dodging
 - Level 1.7 Stealth
 + Level 2.1 Spellcasting
 - Level 0.8 Transmutations
 + Level 2.8 Earth Magic


You had 4 spell levels left.
You knew the following spells:

 Your Spells              Type           Power      Damage    Failure   Level
a - Sandblast             Erth           20%        2d7       9%          1

Your spell library contained the following spells:

 Spells                   Type           Power      Damage    Failure   Level
 Passwall                 Tmut/Erth      5%         N/A       21%         2
 Stone Arrow              Conj/Erth      12%        3d7       43%         3
 Petrify                  Tmut/Erth      7%         N/A       80%         4


Dungeon Overview and Level Annotations

Branches:
Dungeon (1/15) Zot: 5312

Altars:


Innate Abilities, Weirdness & Mutations

You sometimes gain a little power by taking damage.


Message History

Unknown command.
Found a stone staircase leading down.
You now have 30 gold pieces (gained 16).
There is a fountain of clear blue water here.
You now have 37 gold pieces (gained 7).
An endoplasm comes into view.
An endoplasm is nearby!
A frilled lizard comes into view.
The frilled lizard hisses angrily.
Casting: Sandblast (safe; 9% risk of failure)
Confirm with . or Enter, or press ? or * to list all spells.
Aiming: Sandblast (safe; 9% risk of failure)
Press: ? - help, Shift-Dir - straight line, f - frilled lizard
Aim: a frilled lizard (70% to hit)
The blast of sand hits the frilled lizard!
You kill the frilled lizard!
The endoplasm quivers.
Unknown command.
Casting: Sandblast (safe; 9% risk of failure)
Confirm with . or Enter, or press ? or * to list all spells.
Aiming: Sandblast (safe; 9% risk of failure)
Press: ? - help, Shift-Dir - straight line, f - endoplasm
Aim: an endoplasm (98% to hit)
The blast of sand hits the endoplasm.
The endoplasm is moderately wounded.
Unknown command.
Casting: Sandblast (safe; 9% risk of failure)
Confirm with . or Enter, or press ? or * to list all spells.
Aiming: Sandblast (safe; 9% risk of failure)
Press: ? - help, Shift-Dir - straight line, f/p - endoplasm
Aim: an endoplasm (moderately wounded, 98% to hit)
The blast of sand hits the endoplasm!
You kill the endoplasm!
You have reached level 2!
Your demonic ancestry asserts itself...
You feel energised by your suffering.
There is an open door here.
There is a staircase leading out of the dungeon here.
Are you sure you want to leave the Dungeon?
This will make you lose the game!
You have escaped!

.#........#...........#.#####....
.#........................###....
.#.......###############.........
.....##'##.............##'###....
...###........).⌠..........###...
.###...⌠.................⌠...##..
.##........⌠.........⌠........##.
.#.....................(.......#.
.#...⌠..........@..........⌠...#.
.#.............................#.
.##..[.....⌠.........⌠........###
##...⌠.................⌠...##
###..........⌠..........###
#####.............#####
###############


There were no monsters in sight!

Vanquished Creatures
  3 endoplasms (D:1)
  2 hobgoblins (D:1)
  A ball python (D:1)
  A frilled lizard (D:1)
7 creatures vanquished.

Notes
Turn   | Place    | Note
-------+----------+-------------------------------------------
     0 | D:1      | protoss039 the Demonspawn Earth Elementalist began the
                  | quest for the Orb.
     0 | D:1      | Reached XP level 1. HP: 13/13 MP: 3/3
   648 | D:1      | Gained mutation: You sometimes gain a little power by
                  | taking damage. [demonic ancestry]
   648 | D:1      | Reached XP level 2. HP: 20/20 MP: 0/5
   682 | D:$      | Got out of the dungeon alive.

Illustrated notes

Levels and vault maps discovered:
D:1:      dpeg_arrival_water_temple_mockup, layout_rooms,
          hellmonk_ecumenical_altar_zigzags, grunt_decor_one_mirror,
          minmay_misc_feat_ornament, chequers_serial_rivers_micro_b

Action                   || total
-------------------------++-------
Melee: Dagger            ||     6
 Cast: Sandblast         ||    13
  Use: Potion            ||     1
Armor: Leather armour    ||     2
Dodge: Dodged            ||    14
